 Dungeon Crawl Stone Soup version 0.21.1-1-g345015fe64 (webtiles) character file.

49 BrokenGlass the Sneak (level 4, 0/28 HPs)
             Began as a Kobold Assassin on Mar 19, 2018.
             Slain by a gnoll (2 damage)
             ... on level 2 of the Dungeon.
             The game lasted 00:01:32 (1367 turns).

BrokenGlass the Sneak (Kobold Assassin)             Turns: 1367, Time: 00:01:33

Health: 0/28       AC:  5    Str:  9    XL:     4   Next: 1%
Magic:  4/4        EV: 14    Int: 12    God:    Xom [..*...]
Gold:   141        SH:  0    Dex: 16    Spells: 3/3 levels left

rFire    . . .     SeeInvis .   a - +2 dagger
rCold    . . .     Gourm    .   (shield restricted)
rNeg     . . .     Faith    .   c - +0 robe
rPois    .         Spirit   .   (no helmet)
rElec    .         Reflect  .   d - +0 cloak
rCorr    .         Harm     .   n - +1 pair of gloves
MR       .....                  (no boots)
Stlth    ++++......             (no amulet)
HPRegen  0.09/turn              t - ring of stealth
MPRegen  0.09/turn              (no ring)

@: no status effects
A: small, carnivore
a: Renounce Religion


You were on level 2 of the Dungeon.
You worshipped Xom.
You were a toy of Xom.
You were not hungry.

You visited 1 branch of the dungeon, and saw 2 of its levels.

You collected 141 gold pieces.

Inventory:

Hand Weapons
 a - a +2 dagger (weapon)
 b - a +0 blowgun
Missiles
 e - 29 poisoned needles
 f - 2 curare-tipped needles
Armour
 c - a +0 robe (worn)
 d - a +0 cloak (worn)
 n - a +1 pair of gloves (worn)
Jewellery
 t - a ring of stealth (left hand)
Wands
 q - a wand of digging (14)
Scrolls
 j - 2 scrolls of amnesia {unknown}
 k - a scroll of identify {unknown}
 l - a scroll of enchant armour {unknown}
Potions
 h - a potion of heal wounds {unknown}
 i - 3 potions of brilliance {unknown}
 m - a potion of cancellation {unknown}
 o - a potion of might {unknown}
 p - a potion of invisibility {unknown}
 r - a potion of degeneration {unknown}
 s - 2 potions of curing {unknown}
Comestibles
 g - 3 rations


   Skills:
 * Level 3.2 Fighting
 * Level 3.9 Short Blades
 - Level 2.1 Throwing
 - Level 1.2 Dodging
 + Level 5.7 Stealth


You had 3 spell levels left.
You didn't know any spells.

Dungeon Overview and Level Annotations

Branches:
Dungeon (2/15)

Altars:
Xom


Innate Abilities, Weirdness & Mutations

You are small and have problems with some larger weapons.
You are carnivorous and can eat meat at any time.


Message History

You see here an adder corpse.
Unknown command.
Unknown command.
Unknown command.
There is an open door here.
Unknown command.
Unknown command.
Unknown command.
The bat misses you.
Unknown command.
Unknown command.
Unknown command.
Unknown command.
Unknown command.
Unknown command.
There is an escape hatch in the floor here.
Unknown command.
The gnoll hits you.
You die...
Xom titters!

#......................# #.......
#......................###.......
#....(....... ........†.........
#.......b.# ........#...######
#.# ........#...# ### #.#
########..(.# #.( #######.#####
#....####.# ............#######
#.##....... ...........g'gbg@.#
#.##.......
............#####.#####.##.....†.
......).....# #.##.............
............# #.##.##.#.#......
............#####.##.##.#.#######
..................##...)#.#
############.############.#
#.####.........# #..........#####


You could see 3 gnolls and a bat.

Vanquished Creatures
  3 adders (D:2)
  An ooze (D:1)
  A bat (D:2)
  2 giant cockroaches (D:1)
  2 goblins
  3 frilled lizards
  5 kobolds
  6 rats
23 creatures vanquished.

Notes
Turn   | Place    | Note
-------+----------+-------------------------------------------
     0 | D:1      | BrokenGlass the Kobold Assassin began the quest for the Orb.
     0 | D:1      | Reached XP level 1. HP: 12/12 MP: 1/1
    37 | D:1      | Found a hide-covered altar of Uskayaw.
    39 | D:1      | Found an ornate altar of the Wu Jian Council.
    39 | D:1      | Found a shimmering altar of Xom.
    41 | D:1      | Found a shimmering altar of Xom.
    41 | D:1      | Found an opulent altar of Gozag.
    41 | D:1      | Found a radiant altar of Vehumet.
   117 | D:1      | Became a worshipper of Xom of Chaos
   177 | D:1      | Reached XP level 2. HP: 18/18 MP: 2/2
   263 | D:1      | XOM: harmless Summ miscast
   620 | D:1      | XOM: silly message
   796 | D:2      | Reached XP level 3. HP: 22/22 MP: 3/3
   826 | D:2      | XOM: harmless Conj miscast
  1329 | D:2      | Reached XP level 4. HP: 26/28 MP: 4/4
  1354 | D:2      | XOM: butterfly on damage
  1358 | D:2      | HP: 1/28 [bat (1)]
  1367 | D:2      | Slain by a gnoll

Skill      XL: |  1  2  3 |
---------------+----------+-----
Short Blades   | 3 |  3.9
Fighting       | 3 |  3.2
Throwing       | |  2.1
Dodging        | |  1.2
Stealth        | |  5.7

Action                   |  1- 3 |  4- 6 || total
-------------------------+-------+-------++-------
Melee: Dagger            |    48 |     6 ||    54
 Stab: Sleeping          |    12 |       ||    12
  Eat: Chunk             |     1 |       ||     1
Armor: Robe              |     4 |     4 ||     8
Dodge: Dodged            |    28 |    17 ||    45
